 Dungeon Crawl Stone Soup version 0.28-a0-178-ga708605c5b (webtiles) character file.

Game seed: 2146043901462821317

353 frimble the Slasher (level 6, -1/52 HPs)
             Began as a Minotaur Warper on Aug 17, 2021.
             Shot with a sling bullet by a goblin (7 damage)
             ... on level 3 of the Dungeon.
             The game lasted 00:08:21 (4294 turns).

frimble the Slasher (Minotaur Warper)               Turns: 4294, Time: 00:08:22

Health: -1/52      AC:  7    Str: 12 (15) XL:     6   Next: 35%
Magic:  1/7        EV: 12    Int:  9 (11) God:
Gold:   83         SH:  0    Dex:  9 (11) Spells: 7/9 levels left

rFire   . . .      SeeInvis .   i - +0 rapier (vorpal)
rCold   . . .      Faith    .   (no shield)
rNeg    . . .      Spirit   .   b - +0 leather armour
rPois   +          Reflect  .   (helmet restricted)
rElec   .          Harm     .   (no cloak)
rCorr   .          Rampage  .   (no gloves)
Will    .....                   (no boots)
Stlth   +.........              (no amulet)
HPRegen 0.17/turn               j - +4 ring of protection
MPRegen 0.10/turn               r - ring of poison resistance

@: no status effects
A: horns 2, retaliatory headbutt, low mp 1
a: no special abilities


You were on level 3 of the Dungeon.
You visited 1 branch of the dungeon, and saw 6 of its levels.
You also visited: Sewer.

You collected 125 gold pieces.
You spent 42 gold pieces at shops.

Inventory:

Hand Weapons
 a - a +1 falchion
 i - a +0 vorpal rapier (weapon)
 o - a +0 dagger of speed
Missiles
 d - 5 boomerangs of dispersal
 h - 3 poisoned darts
 p - 3 silver javelins (quivered)
Armour
 b - a +0 leather armour (worn)
Jewellery
 j - a +4 ring of protection (left hand)
 q - a ring of willpower
 r - a ring of poison resistance (right hand)
Scrolls
 c - a scroll of blinking
 e - 4 scrolls of teleportation
 f - a scroll of identify
 l - a scroll of holy word
 m - a scroll of magic mapping
Potions
 g - 3 potions of flight
 k - a potion of curing


   Skills:
 + Level 3.7 Fighting
 + Level 1.7(2.8) Short Blades
 + Level 3.7(4.0) Long Blades
 + Level 2.6 Throwing
 - Level 3.0 Armour
 - Level 3.0 Dodging
 - Level 2.0 Spellcasting
 + Level 2.9 Translocations


You had 7 spell levels left.
You knew the following spells:

 Your Spells              Type           Power      Damage    Failure   Level
a - Blink                 Tloc           N/A        N/A       19%         2

Your spell library contained the following spells:

 Spells                   Type           Power      Damage    Failure   Level
 Gell's Gravitas          Tloc           3%         N/A       36%         3
 Lesser Beckoning         Tloc           3%         N/A       36%         3
 Teleport Other           Tloc           6%         N/A       36%         3
 Manifold Assault         Tloc           6%         N/A       98%         5


Dungeon Overview and Level Annotations

Branches:
Dungeon (6/15)              Sewer (visited)
 Temple: D:4-7

Altars:

Shops:
D:3 *

Annotations:
D:4 Edmund


Innate Abilities, Weirdness & Mutations

You have a pair of horns on your head.
You reflexively headbutt those who attack you in melee.
Your magical capacity is low. (-10% MP)


Message History

You miss the adder.
The adder is lightly wounded.
The adder bites you but does no damage. The adder bites you.
* * * LOW HITPOINT WARNING * * *
You barely miss the adder.
The adder is lightly wounded.
The adder bites you but does no damage.
You hit the adder.
The adder is heavily wounded.
The adder bites you.
* * * LOW HITPOINT WARNING * * *
The adder closely misses you.
You puncture the adder!
You kill the adder!
Training target 3.0 for Armour reached!
Your Armour skill increases to level 3!
Casting: Blink (safe; 19% risk of failure)
Confirm with . or Enter, or press ? or * to list all spells.
You blink.
Casting: Blink (safe; 19% risk of failure)
Confirm with . or Enter, or press ? or * to list all spells.
You don't have enough magic to cast this spell.
Casting: Blink (safe; 19% risk of failure)
Confirm with . or Enter, or press ? or * to list all spells.
You miscast Blink.
You are very lightly contaminated with residual magic.
Nothing appears to happen.
Edmund hits you with a +2 flail of protection.
* * * LOW HITPOINT WARNING * * *
Okay, then.
Blink to where?
Press: ? - help, Dir - move target
As you read the scroll of blinking, it crumbles to dust.
Your magical contamination has completely faded away.
There is a stone staircase leading up here.
You climb upwards.
The goblin shouts!
The goblin unwields a +0 dagger.
The goblin wields a +0 hunting sling.
The goblin shoots a sling bullet.
The sling bullet hits you!
You die...

##### #...# ###########
#...# #.........# ###...#
#.....<...####...(.#
###..................#
######....g......#####....#
............>..........####
#####.###.......@...####
...##.##............#
....)...............#
...#.##.##..........###
.....##.##............###
...###..##^.........#...#
.#.##..#................#
##.............∩....#####
.#.....###.##########


You could see a goblin.

Vanquished Creatures
  A scorpion (D:4)
  A hound (D:2)
  A merfolk siren (Sewer)
  A merfolk avatar (Sewer)
  2 gnolls (D:6)
  7 adders
  2 river rats (Sewer)
  An adder skeleton (D:4)
  2 worms
  A dart slug (D:4)
  4 orcs
  6 endoplasms
  5 giant cockroaches
  3 goblins
  4 hobgoblins
  4 jackals (D:4)
  6 quokkas
  14 ball pythons
  8 bats
  6 frilled lizards
  6 kobolds
  32 rats
117 creatures vanquished.

Notes
Turn   | Place    | Note
-------+----------+-------------------------------------------
     0 | D:1      | frimble the Minotaur Warper began the quest for the Orb.
     0 | D:1      | Reached XP level 1. HP: 18/18 MP: 1/1
   181 | D:1      | Found a faded altar of an unknown god.
   233 | D:1      | Reached XP level 2. HP: 21/25 MP: 3/3
  1301 | D:2      | Reached XP level 3. HP: 30/30 MP: 4/4
  1591 | D:2      | Reached XP level 4. HP: 35/38 MP: 5/5
  2568 | D:3      | Found Usmorcho's General Store.
  2586 | D:3      | Bought a scroll of magic mapping for 42 gold pieces
  3036 | D:4      | Reached XP level 5. HP: 35/45 MP: 6/6
  3079 | D:4      | Reached skill level 1 in Short Blades
  3079 | D:4      | Gained mutation: You have a pair of large horns on your
                  | head. [potion of mutation]
  3273 | D:4      | Noticed Edmund
  3291 | D:4      | Found a glowing drain.
  3300 | Sewer    | Entered a sewer
  3444 | Sewer    | Learned a level 2 spell: Blink
  3512 | Sewer    | Reached XP level 6. HP: 35/51 MP: 8/8
  4068 | D:5      | Entered Level 5 of the Dungeon
  4109 | D:5      | Noticed an ice beast
  4227 | D:6      | Lost mutation: You have a pair of large horns on your head.
                  | [potion of mutation]
  4227 | D:6      | Gained mutation: You are dopey. (Int -2) [potion of
                  | mutation]
  4227 | D:6      | Gained mutation: You are clumsy. (Dex -2) [potion of
                  | mutation]
  4227 | D:6      | Gained mutation: You have sharp toenails. [potion of
                  | mutation]
  4228 | D:6      | Lost mutation: You are dopey. (Int -2) [potion of mutation]
  4228 | D:6      | Lost mutation: You have sharp toenails. [potion of
                  | mutation]
  4228 | D:6      | Lost mutation: You are clumsy. (Dex -2) [potion of
                  | mutation]
  4228 | D:6      | Gained mutation: Your magical capacity is low. (-10% MP)
                  | [potion of mutation]
  4294 | D:3      | Shot with a sling bullet by a goblin

Illustrated notes

Levels and vault maps discovered:
D:1:      wheals_arrival_shading, layout_basic,
          hellmonk_ecumenical_altar_lost_god
D:2:      layout_basic, minmay_misc_feat_rugged
D:3:      layout_rooms, serial_shops, shop
D:4:      layout_basic, mainiacjoe_overflow_catwalk_spiral,
          portal_sewer_entry_d, uniq_edmund
D:5:      layout_layer_cave, worldfamousw_hep_ancestral_shrine
D:6:      layout_layer_cave, gammafunk_temple_overflow_arena,
          ebering_ghost_gozag, uniq_blork_the_orc

Skill      XL: |  1  2  3  4  5  6 |
---------------+-------------------+-----
Fighting       | 3 |  3.7
Long Blades    | 3 |  3.7
Armour         | 2 3 |  3.0
Throwing       | 2 |  2.6
Short Blades   | 1 |  1.7
Dodging        | 3 |  3.0
Spellcasting   | 2 |  2.0
Translocations | |  2.9

Action                   |  1- 3 |  4- 6 || total
-------------------------+-------+-------++-------
Melee: Falchion          |    73 |       ||    73
       Headbutt          |     9 |    27 ||    36
       Rapier            |     3 |   246 ||   249
Throw: Dart              |     4 |     4 ||     8
 Cast: Blink             |       |     6 ||     6
  Use: Scroll            |     3 |     5 ||     8
       Potion            |       |    10 ||    10
Armor: Leather armour    |    20 |    92 ||   112
       Skin              |       |    16 ||    16
Dodge: Dodged            |    65 |   151 ||   216
       Rpst.: Falchion   |    19 |       ||    19

Table legend: (Time is in decaauts)
 A = Elapsed time spent in this place.
 B = Non-inter-level travel time spent in this place.
 C = Inter-level travel time spent in this place.
 D = Time resting spent in this place.
 E = Time spent auto-exploring this place.
 F = Levels seen in this place.
 G = Mean time per level.
                   A        B        C        D        E       F      G
               +--------+--------+--------+--------+--------+-----+--------+
         Total |   4378 |   4196 |    182 |     14 |   3078 |   7 |  625.4 |
       Dungeon |   3584 |   3402 |    182 |      0 |   2621 |   6 |  597.3 |
         Sewer |    794 |    794 |      0 |     14 |    457 |   1 |  794.0 |
               +--------+--------+--------+--------+--------+-----+--------+

Top non-repeatable levels by time:
     D:2: 1251 daAuts
     D:1: 1204 daAuts
   Sewer: 794 daAuts
     D:4: 542 daAuts
     D:3: 403 daAuts
     D:6: 128 daAuts
     D:5: 53 daAuts
